 Dungeon Sprint DCSS version 0.20.1-1-g8b1a95d (webtiles) character file.

2019 OdinFK the Carver (level 9, -2/144 HPs)
             Began as a Minotaur Berserker on Oct 24, 2017.
             Was an Elder of Trog.
             Slain by a harpy (6 damage)
             ... summoned by Kirke
             ... in the Dungeon (Sprint II: "The Violet Keep of Menkaure").
             The game lasted 00:06:38 (1357 turns).

OdinFK the Carver (Minotaur Berserker)              Turns: 1357, Time: 00:06:39

Health: -2/144     AC:  8    Str: 31    XL:     9   Next: 3%
Magic:  8/8        EV: 14    Int:  4    God:    Trog [****..]
Gold:   232        SH:  0    Dex:  6    Spells: 8/8 levels left

rFire    . . .     SeeInvis .   a - +0 falchion
rCold    + . .     Gourm    .   (no shield)
rNeg     . . .     Faith    .   j - +0 leather armour "Gongoyst" {rPois rC+ Str+3 Dex-4} (curse)
rPois    +         Spirit   .   (helmet restricted)
rElec    .         Reflect  .   l - +0 cloak
rCorr    .         Harm     .   m - +0 pair of gloves
MR       ++...     NoTele   +   k - +0 pair of boots {Fly}
Stlth    ..........             (no amulet)
Regen    1.4/turn               (no ring)
MPRegen  0.2/turn               (no ring)

@: berserking, flying, regenerating, very quick
A: retaliatory headbutt, horns 2, weak 1
a: Berserk, Trog's Hand, Brothers in Arms, Burn Spellbooks, Renounce Religion,
Stop Flying


You were in the Dungeon.
You worshipped Trog.
Trog was greatly pleased with you.
You were not hungry.

You visited 1 branch You collected 972 gold pieces.
You spent 740 gold pieces at shops.

Inventory:

Hand Weapons
 a - a +0 falchion (weapon)
Armour
 b - a +0 animal skin
 j - the cursed +0 leather armour "Gongoyst" (worn) {rPois rC+ Str+3 Dex-4}
   (You bought it in a shop in the Dungeon)

   It affects your strength (+3).
   It affects your dexterity (-4).
   It protects you from cold.
   It protects you from poison.
   It has a curse placed upon it.
 k - a +0 pair of boots of flying (worn)
 l - a +0 cloak (worn)
 m - a +0 pair of gloves (worn)
Scrolls
 c - a scroll of recharging
Potions
 d - a potion of curing
 e - a potion of heal wounds
 f - a potion of haste
 g - 2 potions of magic
 h - a potion of berserk rage


   Skills:
 + Level 14.5 Fighting
 + Level 14.8 Long Blades
 + Level 8.2 Armour
 + Level 8.6 Dodging
 + Level 0.6 Stealth


You had 8 spell levels left.
You didn't know any spells.

Dungeon Overview and Level Annotations

Branches:
Dungeon (1/1)

Altars:

Shops:
D =}:[=:[?!?%=!?:(

Annotations:
D exclusions: ice statue and oklob plant, Kirke


Innate Abilities, Weirdness & Mutations

You reflexively headbutt those who attack you in melee.
You have a pair of horns on your head.
You are weak. (Str -2)


Message History

The harpy closely misses you.
The elephant is engulfed in freezing vapours.
You slash the harpy!
You kill the harpy!
The harpy's corpse disappears in a puff of smoke!
The harpy is engulfed in freezing vapours.
The manticore is engulfed in freezing vapours.
A skeletal warrior comes into view. It is wielding a mace.
You barely miss the harpy.
The harpy is almost dead.
The harpy claws you!
* * * LOW HITPOINT WARNING * * *
The harpy claws you but does no damage.
The elephant is engulfed in freezing vapours.
You slice Kirke!!
Kirke is lightly wounded.
The harpy claws you!
* * * LOW HITPOINT WARNING * * *
The harpy claws you.
You die...

####+#### ##§§§§§§.##
###.§§§§§§.§## ##
z..§§§8§§§§.# 5c.####§§..§§§..
@K.≈##H.§...
##########≈≈#§§'#+++##
#########≈≈5(KY@H....#
........#≈≈≈≈.##@##..#
...⌠....#≈≈≈≈##(..##.####
..∩.∩...#≈≈≈≈#..#).#....#
.∩.∩.∩..#≈≈####...####..##
∩.∩.∩.∩.#≈##.###'###.##..#
.∩...∩.∩#≈#.#.##.##..##§§#
∩.....∩.'≈'###'.<.'##§'.§#
.......∩#≈#.#.##.##..##...§#
▓▓▓▓▓▓###≈##.###'###.##......≈


You could see Kirke, an ice statue, an elephant, a skeletal warrior, a
manticore, a kobold demonologist, a harpy and an iron imp.

Vanquished Creatures
  A yaktaur captain (D)
  A merfolk siren (D)
  2 hippogriffs (D)
  A vampire mosquito (D)
  4 neqoxecs (D)
  A crocodile (D)
  4 worker ants (D)
14 creatures vanquished.

Vanquished Creatures (others)
  Menkaure (D)
  A crocodile (D)
2 creatures vanquished.

Grand Total: 16 creatures vanquished

Notes
Turn   | Place    | Note
-------+----------+-------------------------------------------
     0 | D        | OdinFK the Minotaur Berserker began the quest for the Orb.
     0 | D        | Reached XP level 1. HP: 19/19 MP: 0/0
     1 | D        | Noticed a hippogriff
     1 | D        | Noticed a hippogriff
     6 | D        | Killed a hippogriff
     6 | D        | Reached XP level 2. HP: 22/36 MP: 1/1
     6 | D        | Reached XP level 3. HP: 25/41 MP: 2/2
     6 | D        | Reached XP level 4. HP: 29/49 MP: 3/3
     6 | D        | Reached XP level 5. HP: 34/56 MP: 4/4
     9 | D        | Killed a hippogriff
     9 | D        | Reached skill level 10 in Fighting
     9 | D        | Reached skill level 10 in Long Blades
     9 | D        | Reached skill level 5 in Armour
     9 | D        | Reached skill level 5 in Dodging
     9 | D        | Reached XP level 6. HP: 32/67 MP: 5/5
   145 | D        | Killed Menkaure
   221 | D        | Found Itoy's Book Boutique.
   221 | D        | Found Lotev's Distillery.
   221 | D        | Found Pesileps's Magic Scroll Boutique.
   221 | D        | Found Dairroxo's Food Boutique.
   221 | D        | Found Aptir's Distillery.
   222 | D        | Found Adev's Antique Weapon Shop.
   222 | D        | Found Moem's Jewellery Shop.
   222 | D        | Found Qenledgha's Magic Scroll Shop.
   223 | D        | Found Noivof's Antique Armour Shop.
   223 | D        | Found Citin's Book Boutique.
   224 | D        | Found Deiphiut's Magic Scroll Boutique.
   224 | D        | Noticed a redback
   225 | D        | Found Degirch's Jewellery Shop.
   225 | D        | Found Kuqil's Antique Armour Boutique.
   225 | D        | Noticed a redback
   225 | D        | Noticed an oklob plant
   230 | D        | Reached ** piety under Trog
   281 | D        | Noticed a merfolk siren
   296 | D        | Killed a merfolk siren
   296 | D        | Reached XP level 7. HP: 68/77 MP: 6/6
   337 | D        | Noticed an ice statue
   354 | D        | Reached *** piety under Trog
   619 | D        | Noticed a neqoxec
   619 | D        | Noticed a neqoxec
   619 | D        | Noticed a neqoxec
   619 | D        | Noticed a neqoxec
   625 | D        | Killed a neqoxec
   630 | D        | Killed a neqoxec
   630 | D        | Reached **** piety under Trog
   630 | D        | Reached XP level 8. HP: 86/86 MP: 7/7
   631 | D        | Gained mutation: You are weak. (Str -2) [a neqoxec]
   944 | D        | Found Naem's Gadget Shop.
   944 | D        | Found Busuf's Jewellery Boutique.
   944 | D        | Found Lidappue's Book Shoppe.
   948 | D        | Bought a scroll of identify for 20 gold pieces
   955 | D        | Noticed a polar bear
   956 | D        | Noticed a polar bear
   957 | D        | Bought a brightly glowing leather armour for 231 gold pieces
   957 | D        | Bought a pair of glowing boots for 247 gold pieces
   968 | D        | Noticed a flying skull
   968 | D        | Noticed a flying skull
   972 | D        | Bought a cloak for 121 gold pieces
   972 | D        | Bought a pair of gloves for 121 gold pieces
   990 | D        | Identified the cursed +0 leather armour "Gongoyst" {rPois rC+ Str+3 Dex-4} (You bought it in a shop in the Dungeon)
  1338 | D        | Noticed an elephant
  1338 | D        | Noticed a centaur warrior
  1338 | D        | Noticed Kirke
  1338 | D        | Noticed a kobold demonologist
  1338 | D        | Noticed a yaktaur captain
  1350 | D        | Noticed a harpy
  1350 | D        | Noticed a harpy
  1351 | D        | Noticed a manticore
  1351 | D        | Noticed an orange demon
  1354 | D        | Killed a yaktaur captain
  1354 | D        | Received a gift from Trog
  1354 | D        | Reached XP level 9. HP: 35/96 MP: 8/8
  1356 | D        | Noticed a skeletal warrior
  1357 | D        | HP: 4/144 [harpy[Kirke] (14)]
  1357 | D        | Slain by a harpy

Skill      XL: |  1  2  3  4  5  6  7  8 |
---------------+-------------------------+-----
Fighting       | 8 10 12 13 14 | 14.5
Long Blades    | 9 10 12 13 14 | 14.8
Armour         | 4 5 6 7 8 |  8.2
Dodging        | 4 5 6 7 8 |  8.6
Stealth        | |  0.6

Action                   |  1- 3 |  4- 6 |  7- 9 || total
-------------------------+-------+-------+-------++-------
Melee: Falchion          |     4 |    17 |    50 ||    71
       Headbutt          |     2 |     6 |    10 ||    18
Invok: Berserk           |     1 |     1 |     2 ||     4
       Trog's Hand       |       |       |     1 ||     1
  Use: Scroll            |       |       |     2 ||     2
  Eat: Bread ration      |       |       |     1 ||     1
Armor: Animal skin       |       |       |     1 ||     1
       Leather armour    |       |       |     4 ||     4
Dodge: Dodged            |     5 |     3 |    22 ||    30
       Rpst.: Falchion   |     1 |     1 |     9 ||    11
